cohdb
Replays
Latest Replays
All Replays
Popular Replays
Top Player Replays
Match Explorer
How It Works
Community
CoH3 Stats
Reddit
Sign in to upload your games and track your stats! →
Sign in with Steam
“尧林仙居碧水苑22-306” is hacker
Match 24852944
Overview
Messages
Build Orders
End
Kettenkrad Recon Vehicle
Construct Infanterie Kompanie
Selects Mechanized Battlegroup
MG 42 Machine Gun Team
MG 42 Machine Gun Team
Sniper
Construct Panzergrenadier Kompanie
Support Elements
Pak 40 Anti-tank Gun Team
Pak 40 Anti-tank Gun Team
Medical Station
Selects Raid Package
Kettenkrad Recon Vehicle
Selects 8 Rad Armored Car
8 Rad Armored Car
Nebelwerfer 42 Rocket Launcher Team
Panzergrenadier Officer Quarters
Construct Panzer Kompanie
Stoßtruppen Squad
Selects Spotting Scopes
Panzer IV Medium Tank
朱志远别改ID了
FLOKL
尧林仙居碧水苑22-306
jun001122
屁力火
水银灯
pupupu
云天
0
0
Comments
sign in to comment!
No comments posted yet!